 Dungeon Crawl Stone Soup version 0.31-a0-193-gdfe2569204 (webtiles) character file.

Game seed: 1396337142847117150

297 qw the Skirmisher (level 6, 0/36 HPs)
             Began as a Deep Elf Hunter on June 24, 2023.
             Slain by a ball python (3 damage)
             ... on level 4 of the Dungeon.
             The game lasted 00:01:08 (2881 turns).

qw the Skirmisher (Deep Elf Hunter)                 Turns: 2881, Time: 00:01:09

Health: 0/36       AC:  5    Str:  8 (10) XL:     6   Next: 12%
Magic:  8/8        EV: 10    Int: 13 (14) God:
Gold:   132        SH:  0    Dex: 16 (18) Spells: 5/5 levels left

rFire   . . .        Y - +0 shortbow
rCold   . . .        (shield currently unavailable)
rNeg    . . .        e - +0 ring mail
rPois   .            (no helmet)
rElec   .            (no cloak)
rCorr   .            (no gloves)
SInv    .            (no boots)
Will    .....        (no amulet)
Stlth   +            (no ring)
HPRegen 0.26/turn    (no ring)
MPRegen 0.11/turn

%: no passive effects
@: about to teleport
A: no striking features
a: no special abilities


You were on level 4 of the Dungeon.
You visited 1 branch of the dungeon, and saw 4 of its levels.

You collected 132 gold pieces.


   Skills:
 - Level 2.4 Fighting
 + Level 9.3 Ranged Weapons
 - Level 2.4 Dodging
 - Level 1.2 Stealth


You had 5 spell levels left.
You didn't know any spells.
Your spell library was empty.

Inventory:

Hand Weapons
 Y - a +0 shortbow (weapon)
Armour
 e - a +0 ring mail (worn)
 i - a +0 helmet
Scrolls
 a - 2 scrolls of teleportation
 f - a scroll of identify
 k - a scroll of vulnerability {unknown}
Potions
 b - a potion of curing {unknown}
 c - a potion of enlightenment {unknown}
 d - a potion of brilliance {unknown}
 g - a potion of invisibility {unknown}
 h - a potion of ambrosia {unknown}
 j - a potion of lignification {unknown}

Dungeon Overview and Level Annotations

Branches:
Dungeon (4/15)
 Temple: D:4-7

Altars:


Message History

You shoot an arrow. The arrow closely misses the ufetubus.
The ufetubus hits you but does no damage. x2
The ufetubus hits you.
The ufetubus hits you but does no damage.
You shoot an arrow. The arrow closely misses the ufetubus.
The arrow closely misses the orc.
The ufetubus barely misses you. The ufetubus hits you. The dart slug bites you.
You shoot an arrow. The arrow hits the ufetubus!
You kill the ufetubus!
You hear some strange, mumbled words.
Something tries to affect you, but you resist.
The dart slug bites you but does no damage.
You shoot an arrow. The arrow hits the orc.
The orc is heavily wounded.
The dart slug launches a dart at you.
The slug dart hits you but does no damage.
You shoot an arrow.
The arrow hits the dart slug but does no damage.
You shoot an arrow. The arrow hits the dart slug!
The dart slug is severely wounded.
The dart slug bites you but does no damage.
You shoot an arrow. The arrow hits the dart slug!
You kill the dart slug!
Something hits you but does no damage.
You shoot an arrow. The arrow closely misses the orc.
The arrow hits the orc!
You kill the orc!
The ball python bites you but does no damage.
The ball python barely misses you. The orc hits you with a +0 hand axe.
Something hits you.
2880 ||| READING 3 scrolls of teleportation.
As you read the scroll of teleportation, it crumbles to dust.
You feel strangely unstable.
The ball python bites you but does no damage.
The ball python barely misses you. The orc hits you but does no damage.
Something hits you. The ball python barely misses you.
The ball python misses you.
You shoot an arrow. The arrow hits the orc!
You kill the orc!
Something hits you. The ball python bites you.
You die...

.#### #. ....
.....#########. ....
....)......... .....
#######....#####. .....
#......%#........ ......
#.........##.####
.)....##........###..###
......S........## ##...#
.....))@.......# ###..
##)...##.......# ##.
...## #.......# ## #
#.......# #.......#
#.......# #########


You could see a ball python.

Vanquished Creatures
  A scorpion (D:4)
  A hound (D:4)
  2 orc priests (D:3)
  An iguana (D:3)
  3 adders
  2 ufetubi (D:4)
  4 dart slugs
  7 orcs
  10 ball pythons
  7 bats
  5 endoplasms
  4 giant cockroaches
  11 goblins
  2 hobgoblins (D:2)
  5 kobolds
  2 quokkas
  A frilled lizard (D:1)
  7 rats
75 creatures vanquished.

Notes
Turn   | Place    | Note
-------+----------+-------------------------------------------
     0 | D:1      | qw the Deep Elf Hunter began the quest for the Orb.
     0 | D:1      | Reached XP level 1. HP: 12/12 MP: 3/3
     0 | D:1      | 0 ||| qw: Version: 0.3-a-9-g12657ce
     0 | D:1      | 0 ||| qw: Game counter: 4669
     0 | D:1      | 0 ||| qw: Always use a shield: true
     0 | D:1      | 0 ||| qw: God list: Okawaru
     0 | D:1      | 0 ||| qw: Allow faded altars: false
     0 | D:1      | 0 ||| qw: Do Orc after D:15 true
     0 | D:1      | 0 ||| qw: Do second Lair branch before Depths: true
     0 | D:1      | 0 ||| qw: Lair rune preference: random
     0 | D:1      | 0 ||| qw: Plans: Normal
     0 | D:1      | 0 ||| PLANNING D:1-11
   130 | D:1      | Reached XP level 2. HP: 16/16 MP: 4/4
   133 | D:1      | Reached skill level 6 in Ranged Weapons
   884 | D:1      | 884 ||| UPGRADING to +0 ring mail.
   894 | D:1      | 894 ||| DROPPING +0 leather armour.
   895 | D:1      | 895 ||| DROPPING amulet of magic regeneration.
   896 | D:1      | 896 ||| READING scroll labelled OHUAL QAITYI.
   897 | D:1      | 897 ||| READING 2 scrolls labelled LIOM HAHEU.
   898 | D:1      | 898 ||| READING scroll labelled PENYUNGAUNT.
   899 | D:1      | 899 ||| READING scroll labelled VIZET JIAPS.
   900 | D:1      | 900 ||| READING scroll labelled BYCAUD NAORR.
   905 | D:1      | 905 ||| DROPPING scroll of butterflies.
   966 | D:2      | 966 ||| Stepping ~*~*~tactically~*~*~ (outnumbered).
   991 | D:2      | Reached XP level 3. HP: 14/20 MP: 5/5
  1324 | D:2      | Reached skill level 7 in Ranged Weapons
  1773 | D:3      | Reached XP level 4. HP: 25/25 MP: 6/6
  1911 | D:3      | 1911 ||| FLEEEEING.
  1914 | D:3      | 1914 ||| FLEEEEING.
  1915 | D:3      | 1915 ||| FLEEEEING.
  1916 | D:3      | 1916 ||| FLEEEEING.
  1922 | D:3      | 1922 ||| FLEEEEING.
  1923 | D:3      | 1923 ||| FLEEEEING.
  1934 | D:3      | 1934 ||| FLEEEEING.
  1935 | D:3      | 1935 ||| FLEEEEING.
  1936 | D:3      | 1936 ||| FLEEEEING.
  1937 | D:3      | 1937 ||| FLEEEEING.
  1939 | D:3      | 1939 ||| FLEEEEING.
  1940 | D:3      | 1940 ||| FLEEEEING.
  1941 | D:3      | 1941 ||| FLEEEEING.
  1942 | D:3      | 1942 ||| FLEEEEING.
  1943 | D:3      | 1943 ||| FLEEEEING.
  1944 | D:3      | 1944 ||| FLEEEEING.
  1945 | D:3      | 1945 ||| FLEEEEING.
  1946 | D:3      | 1946 ||| FLEEEEING.
  1947 | D:3      | 1947 ||| FLEEEEING.
  1948 | D:3      | 1948 ||| FLEEEEING.
  1949 | D:3      | 1949 ||| FLEEEEING.
  1951 | D:3      | 1951 ||| FLEEEEING.
  1952 | D:3      | 1952 ||| FLEEEEING.
  1953 | D:3      | 1953 ||| FLEEEEING.
  1954 | D:3      | 1954 ||| FLEEEEING.
  1965 | D:3      | Reached skill level 8 in Ranged Weapons
  1965 | D:3      | 1965 ||| FLEEEEING.
  1966 | D:3      | 1966 ||| FLEEEEING.
  1967 | D:3      | 1967 ||| STAIRDANCE
  2023 | D:2      | 2023 ||| READING scroll labelled QUCATHUIRCH.
  2069 | D:2      | 2069 ||| DRINKING 2 bubbling blue potions.
  2173 | D:2      | 2173 ||| DROPPING potion of berserk rage.
  2179 | D:3      | 2179 ||| STAIRDANCE
  2512 | D:3      | 2512 ||| DRINKING 2 emerald potions.
  2513 | D:3      | 2513 ||| DROPPING potion of degeneration.
  2534 | D:3      | Reached XP level 5. HP: 20/29 MP: 7/7
  2579 | D:4      | 2579 ||| PLANNING SEWER
  2584 | D:4      | 2584 ||| STAIRDANCE
  2824 | D:4      | Reached skill level 9 in Ranged Weapons
  2869 | D:4      | Reached XP level 6. HP: 18/36 MP: 8/8
  2879 | D:4      | HP: 6/36 [orc/+0 hand axe (5)]
  2880 | D:4      | 2880 ||| READING 3 scrolls of teleportation.
  2881 | D:4      | Slain by a ball python

Levels and vault maps discovered:
D:1:      pf_arrival_petrified_forest, layout_basic
D:2:      layout_basic, chequers_avenue, minmay_nonomino_d4
D:3:      layout_loops_cross, hangedman_abyss_or_decor_lesser_grid
D:4:      layout_rooms, cheibrodos_sewer_entry_bend

Skill      XL: |  1  2  3  4  5 |
---------------+----------------+-----
Ranged Weapons | 6 7 8 9 |  9.3
Fighting       | 2 |  2.4
Dodging        | |  2.4
Stealth        | |  1.2

Action                     |  1- 3 |  4- 6 || total
---------------------------+-------+-------++-------
   Fire: Shortbow          |   112 |    98 ||   210
    Use: Scroll            |     5 |     2 ||     7
         Potion            |       |     2 ||     2
 Armour: Leather armour    |     1 |       ||     1
         Ring mail         |    14 |    29 ||    43
  Dodge: Dodged            |    26 |    29 ||    55

Table legend:
 A = Non-vault XP
 B = Vault XP
 C = Vault XP percentage of total XP
 D = Non-vault monster count
 E = Vault monster count
 F = Vault count percentage of total count
                 A         B        C        D         E       F
            +---------+---------+-------+---------+---------+-------
      Total |     419 |       9 |   2.1 |      70 |       5 |   6.7
            +---------+---------+-------+---------+---------+-------
        D:1 |      27 |       0 |   0.0 |      17 |       0 |   0.0
        D:2 |      50 |       9 |  15.3 |      22 |       5 |  18.5
        D:3 |     177 |       0 |   0.0 |      19 |       0 |   0.0
        D:4 |     165 |       0 |   0.0 |      12 |       0 |   0.0
            +---------+---------+-------+---------+---------+-------
